 Dungeon Crawl Stone Soup version 0.24-a0-584-g9d6b971ae4 (webtiles) character file.

Game seed: 577551160141421363, levelgen mode: deterministic

138896 MirrMurr the Markscentaur (level 16, -2/157 HPs)
             Began as a Centaur Berserker on Aug 31, 2019.
             Was the Champion of Trog.
             Slain by a komodo dragon (6 damage)
             ... on level 3 of the Swamp.
             The game lasted 01:18:16 (30923 turns).

MirrMurr the Markscentaur (Centaur Berserker)      Turns: 30923, Time: 01:18:17

Health: -2/157     AC: 20    Str: 27    XL:     16   Next: 72%
Magic:  0/16       EV:  8    Int:  6    God:    Trog [******]
Gold:   532        SH:  0    Dex: 12    Spells: 15/15 levels left

rFire    . . .     SeeInvis +   b - +1 demon trident (drain)
rCold    . . .     Gourm    .   (no shield)
rNeg     . . .     Faith    .   T - +0 acid dragon scales
rPois    +         Spirit   +   H - +0 helmet
rElec    .         Reflect  .   U - +2 cloak {rPois}
rCorr    +         Harm     .   y - +2 pair of gloves
MR       +++..                  C - +2 centaur barding {Stlth+}
Stlth    ..........             e - amulet of guardian spirit
HPRegen  0.36/turn              K - ring "Coec Pul" {rPois MR++ Dex-2 Stlth-}
MPRegen  0.15/turn              L - ring of Compassion {*Slow rPois Str+3 Dex+2 SInv Stlth-}

@: berserk cooldown, slowed
A: large, hooves 3, deformed body, speed 2, tough skin 3
a: Berserk, Trog's Hand, Brothers in Arms, Renounce Religion


You were on level 3 of the Swamp.
You worshipped Trog.
Trog was exalted by your worship.
You were very hungry.

You visited 5 branches of the dungeon, and saw 27 of its levels.

You collected 2679 gold pieces.
You spent 2147 gold pieces at shops.

Inventory:

Hand Weapons
 a - a +7 longbow of velocity
 b - a +1 demon trident of draining (weapon)
 w - a +0 lajatang of freezing
 N - the +1 quarterstaff of Trog's Hatred {elec, *Drain rC+ MR+ Dex+3}
   (Trog gifted it to you on level 15 of the Dungeon)

   Occasionally, upon striking a foe, it will discharge some electrical energy
   and cause terrible harm.
   It affects your dexterity (+3).
   It protects you from cold.
   It affects your resistance to hostile enchantments.
   It causes draining when unequipped.
 S - the +2 lajatang of Trog's Favour {protect, rF- Str+3 Int+2 Dex+4}
   (Trog gifted it to you on level 2 of the Orcish Mines)

   It grants its wielder temporary protection when it strikes (+7 to AC).
   It affects your strength (+3).
   It affects your intelligence (+2).
   It affects your dexterity (+4).
   It makes you vulnerable to fire.
Missiles
 g - 471 stones (quivered)
 j - 7 curare-tipped darts
 l - 312 arrows
 o - 90 poisoned darts
 I - 3 throwing nets
Armour
 y - a +2 pair of gloves (worn)
 C - a +2 centaur barding of stealth (worn)
 H - a +0 helmet (worn)
 T - +0 acid dragon scales (worn)
 U - a +2 cloak of poison resistance (worn)
Jewellery
 d - the ring "Wogik" {-Tele rF+++ Int-3 Dex+2 SInv}
   (You found it on level 6 of the Dungeon)

   [ring of see invisible]

   It affects your intelligence (-3).
   It affects your dexterity (+2).
   It renders you almost immune to fire.
   It lets you see invisible.
   It prevents most forms of teleportation.
 e - an amulet of guardian spirit (around neck)
 K - a ring "Coec Pul" (left hand) {rPois MR++ Dex-2 Stlth-}
   (You bought it in a shop on level 10 of the Dungeon)

   [ring of attention]

   It affects your dexterity (-2).
   It protects you from poison.
   It affects your resistance to hostile enchantments.
   It makes you less stealthy.
 L - a ring of Compassion (right hand) {*Slow rPois Str+3 Dex+2 SInv Stlth-}
   (You found it on level 10 of the Dungeon)

   [ring of attention]

   It affects your strength (+3).
   It affects your dexterity (+2).
   It protects you from poison.
   It lets you see invisible.
   It may slow you when you take damage.
   It makes you less stealthy.
 R - an uncursed ring of protection from cold
Wands
 u - a wand of polymorph (12)
 x - a wand of random effects (6)
 B - a wand of paralysis (20)
 P - a wand of digging (3)
 V - a wand of clouds (6)
 X - a wand of acid (18)
 Y - a wand of iceblast (17)
Scrolls
 f - a scroll of torment {unknown}
 h - 4 scrolls of immolation
 i - 2 scrolls of identify
 r - 10 scrolls of remove curse
 s - 4 scrolls of blinking
 z - 13 scrolls of teleportation
 E - 4 scrolls of fog
 O - 3 scrolls of fear
 Z - 3 scrolls of silence
Potions
 k - 5 potions of flight
 m - 3 potions of haste
 n - 3 potions of agility
 p - 4 potions of might
 q - 3 potions of mutation
 t - 3 potions of resistance
 v - a potion of cancellation
 A - 7 potions of curing
 F - 2 potions of invisibility
 G - a potion of lignification
 J - 5 potions of ambrosia
 Q - 4 potions of heal wounds
Miscellaneous
 M - a phantom mirror
Comestibles
 c - 46 rations


   Skills:
 * Level 18.0 Fighting
 + Level 11.1(13.0) Polearms
 - Level 11.4(13.1) Staves
 - Level 20.0 Bows
 + Level 3.2 Armour
 + Level 3.2 Dodging


You had 15 spell levels left.
You didn't know any spells.
Your spell library was empty.

Dungeon Overview and Level Annotations

Branches:
Dungeon (15/15)            Temple (1/1) D:6            Lair (6/6) D:9
  Swamp (3/4) Lair:3        Snake (0/4) Lair:3        Slime (0/5) Lair:5
    Orc (2/2) D:9             Elf (0/3) Orc:2        Vaults (0/5) D:13
 Depths (0/5) D:15

Altars:
Cheibriados
Makhleb
Okawaru
Sif Muna
Uskayaw
Vehumet
Yredelemnul
Zin

Shops:
D:5 :   D:6 [   D:10 =   Orc:1 %[(   Orc:2 ([?(

Annotations:
D:11 1 runed translucent door, Gall2222's ghost, journeyman OgGl
Swamp:1 1 runed translucent door


Innate Abilities, Weirdness & Mutations

You have hooves in place of feet.
Armour fits poorly on your strangely shaped body.
You cover ground very quickly.
You have extremely tough skin. (AC +3)


Message History

The swamp worm bites you but does no damage.
You barely miss the tyrant leech. Your kick misses the tyrant leech.
The tyrant leech is severely wounded.
The tyrant leech bites you.
* * * LOW HITPOINT WARNING * * *
The tyrant leech draws strength from your injuries!
You puncture the tyrant leech!
You kill the tyrant leech!
Trog accepts your kill. The swamp worm bites you!
* * * LOW HITPOINT WARNING * * *
You feel a strong urge to attack something.
The swamp worm barely misses you.
There is a stone staircase leading up, spattered with blood here.
You are no longer berserk.
You are exhausted.
You feel yourself slow down.
The swamp worm bites you but does no damage.
The komodo dragon bites you.
You die...

♣♣♣♣♣♣♣
.≈≈....♣♣
≈≈≈≈≈≈≈.♣
≈≈≈≈≈≈≈.♣♣♣
≈≈≈.§≈≈≈(≈♣♣
≈≈≈≈≈≈w@..[♣≈..
♣..≈.≈l.(≈..♣
...≈.≈..≈≈≈.♣
§..≈≈♣♣≈.≈≈.♣
..≈.. ♣)≈≈§..≈≈
.≈≈≈ ..≈≈≈<≈≈≈
♣§≈ ....^.≈≈≈≈
♣♣. .≈♣♣.≈≈≈≈≈≈
.≈ ..≈≈≈≈


You could see a komodo dragon and a swamp worm.

Vanquished Creatures
  Saint Roka (Orc:2)
  Jorgrun (Swamp:1)
  3 thorn hunters
  Kirke (D:12)
  Nessos (D:14)
  Snorg (D:11)
  A yaktaur captain (D:15)
  Josephine (D:14)
  A fire dragon (Lair:6)
  Erolcha (D:10)
  11 hydras
  A catoblepas (D:13)
  A rakshasa (D:15)
  6 vault guards (D:13)
  A ghost crab (Swamp:3)
  4 centaur warriors
  6 alligators
  22 two-headed ogres
  13 death yaks
  6 ogre magi
  3 tengu warriors
  Urug (D:10)
  A deep elf knight (D:15)
  3 unseen horrors
  A wizard (D:15)
  2 swamp dragons
  An orb spider (shapeshifter) (D:15)
  An orc knight (Orc:2)
  A deep elf mage (D:14)
  A wolf spider (Lair:6)
  5 oklob plants
  2 orc sorcerers (Orc:2)
  7 ugly things
  2 cyclopes
  2 manticores (D:14)
  15 elephants (Lair:6)
  Maurice (Orc:2)
  A guardian serpent (Lair:6)
  10 black mambas
  2 centaur skeletons
  21 spiny frogs
  A torpor snail (Lair:6)
  A gargoyle (D:10)
  2 kobold demonologists (Swamp:1)
  4 rime drakes
  A freezing wraith (D:15)
  9 komodo dragons
  A troll (shapeshifter) (D:15)
  A polar bear (Lair:3)
  4 tyrant leeches
  9 hornets
  Prince Ribbit (D:7)
  2 trolls (Orc:2)
  7 slime creatures
  5 bog bodies
  5 blink frogs (Lair:6)
  11 hippogriffs
  10 dream sheep
  3 shadows
  6 wraiths
  4 redbacks (Lair:6)
  A vampire (D:15)
  7 spriggans
  13 yaks
  4 basilisks
  5 hogs
  16 wyverns
  6 humans
  A steam dragon (Lair:6)
  3 hungry ghosts
  Menkaure (D:5)
  6 vampire mosquitoes
  A warg (Orc:2)
  6 swamp worms
  12 insubstantial wisps
  7 nagas (Lair:3)
  Duvessa (D:6)
  2 acid dragons
  19 water moccasins
  10 porcupines
  7 ice beasts
  4 swamp drakes
  15 orc warriors
  3 phantoms
  8 sky beasts
  A black bear (D:12)
  A necrophage (D:8)
  32 ogres
  13 centaurs
  2 big kobolds
  16 crocodiles
  Blork the orc (D:5)
  20 bullfrogs
  A wyvern zombie (D:8)
  Dowan (D:6)
  A troll zombie (D:9)
  A wyvern skeleton (D:14)
  3 scorpions
  2 electric eels (Lair:5)
  2 howler monkeys (D:9)
  4 wights (D:14)
  7 crimson imps
  4 centaur zombies
  2 jellies
  2 bullfrog zombies
  17 orc priests
  7 hounds
  2 bullfrog skeletons
  23 orc wizards
  9 iguanas
  11 worker ants
  7 ogre zombies (D:9)
  5 worker ant zombies
  2 howler monkey zombies
  11 adders
  6 shadow imps
  2 adder zombies
  An adder skeleton (D:6)
  2 worms
  7 leopard geckos
  58 orcs
  3 giant cockroaches
  9 goblins
  4 hobgoblins
  12 jackals
  17 kobolds
  2 bats
  9 frilled lizards
  2 goblin skeletons (D:9)
  A goblin zombie (D:9)
  A hobgoblin skeleton (D:9)
  3 hobgoblin zombies (D:9)
  A jackal skeleton (D:5)
  A leopard gecko skeleton (D:4)
  A leopard gecko zombie (D:7)
  4 orc skeletons (D:9)
  14 orc zombies (D:9)
  7 rats
  A fungus (Lair:6)
  A plant (Lair:6)
790 creatures vanquished.

Vanquished Creatures (others)
  A human (D:13)
  9 fungi
  22 plants
32 creatures vanquished.

Grand Total: 822 creatures vanquished

Notes
Turn   | Place    | Note
-------+----------+-------------------------------------------
     0 | D:1      | MirrMurr the Centaur Berserker began the quest for the Orb.
     0 | D:1      | Reached XP level 1. HP: 19/19 MP: 1/1
   442 | D:1      | Reached XP level 2. HP: 25/26 MP: 2/2
   935 | D:2      | Reached XP level 3. HP: 31/31 MP: 3/3
   963 | D:2      | Reached ** piety under Trog
  1628 | D:2      | Found a basalt altar of Yredelemnul.
  1680 | D:2      | Reached XP level 4. HP: 40/40 MP: 4/4
  2629 | D:3      | Reached XP level 5. HP: 31/46 MP: 5/5
  2718 | D:3      | Reached *** piety under Trog
  2746 | D:3      | Found a burning altar of Makhleb.
  2752 | D:3      | Reached skill level 5 in Polearms
  3298 | D:4      | Reached XP level 6. HP: 48/53 MP: 6/6
  3634 | D:4      | Reached skill level 5 in Fighting
  3637 | D:4      | Reached skill level 1 in Bows
  3792 | D:4      | Reached skill level 2 in Bows
  3885 | D:4      | Reached XP level 7. HP: 48/61 MP: 7/7
  4193 | D:4      | Reached skill level 3 in Bows
  4261 | D:5      | Entered Level 5 of the Dungeon
  4368 | D:5      | Noticed Menkaure
  4422 | D:5      | Killed Menkaure
  4422 | D:5      | Reached skill level 4 in Bows
  4513 | D:5      | Noticed Blork the orc
  4522 | D:5      | Killed Blork the orc
  4522 | D:5      | Reached skill level 5 in Bows
  4553 | D:5      | Found Zeseorr's Book Boutique.
  4795 | D:5      | Reached skill level 6 in Bows
  4795 | D:5      | Reached XP level 8. HP: 37/70 MP: 8/8
  5120 | D:6      | Noticed Duvessa
  5120 | D:6      | Noticed Dowan
  5126 | D:6      | Killed Duvessa
  5128 | D:6      | Killed Dowan
  5198 | D:6      | Found a staircase to the Ecumenical Temple.
  5222 | D:6      | Reached skill level 7 in Bows
  5266 | D:6      | Reached **** piety under Trog
  5368 | D:6      | Reached skill level 1 in Staves
  5431 | D:6      | Got a pitted turquoise ring
  5433 | D:6      | Identified the ring "Wogik" {-Tele rF+++ Int-3 Dex+2 SInv}
                  | (You found it on level 6 of the Dungeon)
  5448 | D:6      | Found a radiant altar of Vehumet.
  5488 | D:6      | Reached skill level 8 in Bows
  5497 | D:6      | HP: 3/71 [poisoned by an orc wizard]
  5502 | D:6      | HP: 2/71 [poisoned by an orc wizard]
  5512 | D:6      | HP: 3/71 [poisoned by an orc wizard]
  5519 | D:6      | HP: 2/71 [poisoned by an orc wizard]
  5526 | D:6      | HP: 2/71 [poisoned by an orc wizard]
  5531 | D:6      | HP: 1/71 [poisoned by an orc wizard]
  5557 | Temple   | Entered the Ecumenical Temple
  5797 | D:6      | Found Ratacs's Antique Armour Shop.
  5805 | D:6      | Bought an embroidered cloak for 142 gold pieces
  5844 | D:6      | Found a hide-covered altar of Uskayaw.
  6001 | D:6      | Found a glowing silver altar of Zin.
  6001 | D:6      | Found a snail-covered altar of Cheibriados.
  6130 | D:7      | Noticed Prince Ribbit
  6751 | D:7      | Reached XP level 9. HP: 71/78 MP: 9/9
  6828 | D:7      | Reached skill level 9 in Bows
  7129 | D:7      | Killed Prince Ribbit
  7310 | D:7      | Reached skill level 10 in Bows
  7326 | D:7      | Received a gift from Trog
  7588 | D:7      | Got a pitted ring mail
  7599 | D:7      | Identified the +2 ring mail of the Dozen Coins {+Fly} (You
                  | found it on level 7 of the Dungeon)
  8001 | D:8      | Reached skill level 11 in Bows
  8391 | D:8      | Reached XP level 10. HP: 79/88 MP: 10/10
  8614 | D:8      | Received a gift from Trog
  8614 | D:8      | Reached skill level 12 in Bows
  9027 | D:9      | Reached skill level 5 in Staves
  9047 | D:9      | Found a staircase to the Orcish Mines.
  9416 | D:9      | Got a twitching steel ring
  9427 | D:9      | Identified the ring "Zecsi" {Ice +Inv Str+2 Int-5} (You
                  | found it on level 9 of the Dungeon)
  9587 | D:9      | Found a staircase to the Lair.
 10451 | D:10     | Entered Level 10 of the Dungeon
 10464 | D:10     | Noticed Erolcha
 10467 | D:10     | Paralysed by Erolcha for 6 turns
 10479 | D:10     | Killed Erolcha
 10479 | D:10     | Reached skill level 13 in Bows
 10591 | D:10     | Found Xesad's Jewellery Emporium.
 10592 | D:10     | Reached ***** piety under Trog
 10636 | D:10     | Bought a ring "Coec Pul" {rPois MR++ Dex-2 Stlth-} for 343
                  | gold pieces
 10726 | D:10     | Noticed a gargoyle
 10744 | D:10     | Killed a gargoyle
 10744 | D:10     | Reached XP level 11. HP: 68/97 MP: 11/11
 11155 | D:10     | Noticed Urug
 11187 | D:10     | Killed Urug
 11187 | D:10     | Reached skill level 14 in Bows
 11435 | D:10     | Got a heavily runed golden ring
 11923 | D:11     | Noticed Snorg
 11945 | D:11     | Killed Snorg
 12370 | D:11     | Noticed Gall2222's ghost (journeyman OgGl)
 12371 | D:11     | Found a runed translucent door.
 13274 | Lair:1   | Entered Level 1 of the Lair of Beasts
 13333 | Lair:1   | Reached skill level 10 in Fighting
 13340 | Lair:1   | Identified a ring of Compassion {*Slow rPois Str+3 Dex+2
                  | SInv Stlth-} (You found it on level 10 of the Dungeon)
 13346 | Lair:1   | Reached skill level 15 in Bows
 14269 | Lair:2   | Received a gift from Trog
 14987 | Lair:3   | Reached XP level 12. HP: 58/107 MP: 12/12
 15082 | Lair:3   | Reached skill level 16 in Bows
 15102 | Lair:3   | Noticed an eight-headed hydra
 15144 | Lair:3   | Killed an eight-headed hydra
 15307 | Lair:3   | Noticed a five-headed hydra
 15313 | Lair:3   | Killed a five-headed hydra
 15345 | Lair:3   | Found a staircase to the Swamp.
 15460 | Lair:3   | Found a staircase to the Snake Pit.
 15945 | Lair:4   | Noticed an eight-headed hydra
 15959 | Lair:4   | Killed an eight-headed hydra
 15959 | Lair:4   | Reached skill level 17 in Bows
 16098 | Lair:4   | Noticed a death yak
 16098 | Lair:4   | Noticed a death yak
 16113 | Lair:4   | Killed a death yak
 16113 | Lair:4   | Noticed a death yak
 16117 | Lair:4   | Killed a death yak
 16118 | Lair:4   | Noticed a death yak
 16123 | Lair:4   | Killed a death yak
 16139 | Lair:4   | Killed a death yak
 16221 | Lair:4   | Noticed a death yak
 16222 | Lair:4   | Noticed a death yak
 16227 | Lair:4   | Noticed a death yak
 16240 | Lair:4   | Killed a death yak
 16264 | Lair:4   | Killed a death yak
 16269 | Lair:4   | Killed a death yak
 16345 | Lair:4   | Noticed a six-headed hydra
 16350 | Lair:4   | Killed a six-headed hydra
 16470 | Lair:4   | Noticed a seven-headed hydra
 16486 | Lair:4   | Reached skill level 18 in Bows
 16486 | Lair:4   | Reached XP level 13. HP: 116/116 MP: 13/13
 17230 | Lair:5   | Received a gift from Trog
 18171 | Lair:5   | Reached skill level 19 in Bows
 18331 | Lair:5   | Found a staircase to the Slime Pits.
 18833 | Lair:6   | Entered Level 6 of the Lair of Beasts
 18850 | Lair:6   | Received a gift from Trog
 19334 | Lair:6   | Received a gift from Trog
 19467 | Lair:6   | Reached XP level 14. HP: 127/127 MP: 14/14
 19701 | Lair:6   | Reached skill level 20 in Bows
 20228 | Lair:6   | Reached skill level 10 in Polearms
 20439 | Lair:6   | Received a gift from Trog
 21461 | D:12     | Noticed Kirke
 21473 | D:12     | Killed Kirke
 22603 | D:13     | You fall into a shaft and drop 2 floors!
 22603 | D:15     | Entered Level 15 of the Dungeon
 22687 | D:15     | Got a flickering iron ring
 22870 | D:15     | Received a gift from Trog
 22882 | D:15     | Got a dazzling quarterstaff {god gift}
 22978 | D:15     | Reached XP level 15. HP: 117/139 MP: 15/15
 23158 | D:15     | Reached skill level 15 in Fighting
 23223 | D:15     | Identified the ring "Dudeu" {+Inv rF+ rC- MR++ MP+9 Str+4}
                  | (You found it on level 15 of the Dungeon)
 23613 | D:13     | Found a gate to the Vaults.
 23711 | D:13     | Reached skill level 10 in Staves
 24262 | D:14     | Noticed Nessos
 24569 | D:14     | Found an iron altar of Okawaru.
 24595 | D:14     | Noticed Josephine
 24600 | D:14     | Killed Josephine
 24644 | D:14     | Received a gift from Trog
 24675 | D:14     | Killed Nessos
 24732 | D:14     | Identified the +1 quarterstaff of Trog's Hatred {elec,
                  | *Drain rC+ MR+ Dex+3} (Trog gifted it to you on level 15 of
                  | the Dungeon)
 24891 | D:14     | Received a gift from Trog
 25326 | D:15     | Reached ****** piety under Trog
 25712 | D:15     | Found a staircase to the Depths.
 26327 | Orc:1    | Entered Level 1 of the Orcish Mines
 26480 | Orc:1    | Found a shimmering blue altar of Sif Muna.
 26544 | Orc:1    | Received a gift from Trog
 26613 | Orc:1    | Found Dyfyo's Weapon Shoppe.
 26764 | Orc:1    | Found Sizxiude's Food Shoppe.
 26778 | Orc:1    | Found Acluum's Antique Armour Emporium.
 27004 | Orc:2    | Entered Level 2 of the Orcish Mines
 27098 | Orc:2    | Received a gift from Trog
 27101 | Orc:2    | Noticed Saint Roka
 27116 | Orc:2    | Killed Saint Roka
 27183 | Orc:2    | Got a pitted lajatang {god gift}
 27184 | Orc:2    | Identified the +2 lajatang of Trog's Favour {protect, rF-
                  | Str+3 Int+2 Dex+4} (Trog gifted it to you on level 2 of the
                  | Orcish Mines)
 27209 | Orc:2    | Found a staircase to the Elven Halls.
 27410 | Orc:2    | Reached XP level 16. HP: 155/155 MP: 16/16
 27688 | Orc:2    | Found Gummat's Antique Armour Shop.
 27688 | Orc:2    | Found Sutzugi's Antique Weapon Shoppe.
 27688 | Orc:2    | Found Veavossy's Weapon Emporium.
 27688 | Orc:2    | Found Waudieq's Magic Scroll Shop.
 27702 | Orc:2    | Bought a glowing cloak for 232 gold pieces
 27843 | Orc:2    | Noticed Maurice
 27845 | Orc:2    | Killed Maurice
 28125 | Orc:2    | Received a gift from Trog
 28278 | Orc:2    | Bought a scroll of acquirement for 676 gold pieces
 28278 | Orc:2    | Bought a scroll of acquirement for 676 gold pieces
 28279 | Orc:2    | Bought a scroll of identify for 26 gold pieces
 28279 | Orc:2    | Bought a scroll of identify for 26 gold pieces
 28279 | Orc:2    | Bought a scroll of identify for 26 gold pieces
 28279 | Orc:2    | Identified the +3 centaur barding of Indecent Exposure
                  | {Str-2 Int+6} (You acquired it on level 2 of the Orcish
                  | Mines)
 28452 | Swamp:1  | Entered Level 1 of the Swamp
 28462 | Swamp:1  | Noticed Jorgrun
 28472 | Swamp:1  | Killed Jorgrun
 29481 | Swamp:1  | Found a runed translucent door.
 30247 | Swamp:2  | Noticed a thorn hunter
 30252 | Swamp:2  | Killed a thorn hunter
 30319 | Swamp:2  | Received a gift from Trog
 30529 | Swamp:2  | Noticed a thorn hunter
 30534 | Swamp:2  | Killed a thorn hunter
 30856 | Swamp:3  | Noticed a thorn hunter
 30917 | Swamp:3  | Killed a thorn hunter
 30919 | Swamp:3  | HP: 5/235 [swamp worm (10)]
 30923 | Swamp:3  | Slain by a komodo dragon

Levels and vault maps discovered:
D:1:      minmay_arrival_semitransparent, layout_basic
D:2:      layout_basic, nicolae_overflow_crystal_walls, minmay_ruptured
D:3:      layout_rooms, makhleb_blood_cavern_becter
D:4:      layout_gridville
D:5:      layout_rooms, first_ration, serial_shops, shop, uniq_menkaure,
          uniq_blork_the_orc
D:6:      layout_rooms, kennysheep_little_box, eat_drink_and_be_merry_uskayaw,
          amethyst_overflow_temple_binary, minmay_temple_entry_water_ring,
          serial_shops, shop, uniq_duvessa
D:7:      layout_gridville, grunt_livestock, uniq_prince_ribbit1
D:8:      layout_rooms, minmay_misc_feat_encased, minmay_misc_feat_plants
D:9:      layout_cave_pods, dpeg_oklobed_lair, zombieorc2_lemuel
D:10:     layout_long_grid, serial_shops, shop, uniq_urug, uniq_erolcha
D:11:     layout_basic, gammafunk_ghost_grave, ebering_dispersal_statue_hall,
          uniq_snorg
D:12:     layout_basic, hangedman_decor_points, uniq_kirke
D:13:     layout_roguey, ximxim_vaults_locker_room
D:14:     layout_irregular_city, lemuel_altar_in_water, uniq_josephine,
          uniq_nessos
D:15:     hangedman_depths_entry_civil_slaughter, layout_basic,
          minmay_fountain_box, feat_on_display
Temple:   regret_index_temple_sphere_string
Lair:1:   layout_chaotic_city
Lair:2:   layout_gridlike, serial_bayou_pond_d, minivault_19
Lair:3:   layout_chaotic_city, minmay_swamp_entry_wisps,
          minmay_snake_entry_guardpost_large, grunt_megastairs_3
Lair:4:   layout_cave_pods
Lair:5:   layout_roguey, minmay_slime_entry_oklob_enclosed,
          serial_bayou_shore_a, lemuel_fruit_tree, grunt_megastairs_5
Lair:6:   guppyfry_lair_end_dragon, layout_cave_shapes,
          hangedman_lair_tendril_chambers, st_stairs_5, lemuel_fruit_fields,
          infiniplex_staircase_pool_2
Swamp:1:  gammafunk_mikee_crab_dinner, layout_basic_swamp,
          evilmike_swamp_ruin_house_2, swamp_pool2, cheibrodos_swamp_kobolds,
          uniq_jorgrun
Swamp:2:  layout_basic_swamp, evilmike_swamp_ruin_rubble_1
Swamp:3:  layout_basic_swamp, hangedman_swamp_ruin_wall, swamp_pool5
Orc:1:    nicolae_orc_accident_1, layout_diamond_mine, serial_shops,
          nicolae_shop_crystal, nicolae_shop_trees,
          nicolae_shop_temple_entry_statues_fountains, led_sif_book
Orc:2:    st_orc_ogre_mass, layout_caves, uniq_maurice, uniq_saint_roka

Skill      XL: |  1  2  3  4  5  6  7  8  9 10 11 12 13 14 15 16 |
---------------+-------------------------------------------------+-----
Polearms       | 3 4 5 6 7 9 10 11 | 11.1
Fighting       | 4 5 6 8 9 10 11 12 14 17 18 | 18.0
Bows           | 2 6 8 11 13 15 18 19 20 | 20.0
Staves         | 2 4 6 7 8 9 11 | 11.4
Armour         | 3 |  3.2
Dodging        | 3 |  3.2

Action                   |  1- 3 |  4- 6 |  7- 9 | 10-12 | 13-15 | 16-18 || total
-------------------------+-------+-------+-------+-------+-------+-------++-------
Melee: Spear             |   103 |   194 |    74 |       |       |       ||   371
       Kick              |    15 |    36 |    84 |   107 |    10 |     6 ||   258
       Trident           |       |       |   244 |   104 |       |       ||   348
       Demon trident     |       |       |       |   216 |    30 |    24 ||   270
       Longbow           |       |       |       |       |     1 |       ||     1
 Fire: Shortbow          |       |       |   143 |   426 |       |       ||   569
       Longbow           |       |       |       |   170 |  1021 |   284 ||  1475
Throw: Stone             |       |       |     4 |       |       |       ||     4
Invok: Berserk           |     1 |     2 |     7 |     6 |     1 |     2 ||    19
       Trog's Hand       |       |       |     5 |     1 |     3 |       ||     9
  Use: Scroll            |       |    12 |     5 |    14 |    13 |     6 ||    50
       Potion            |       |       |     3 |       |     1 |       ||     4
  Eat: Chunk             |     2 |     8 |    18 |    23 |    21 |     9 ||    81
       Ration            |       |       |     1 |     1 |     2 |       ||     4
Armor: Animal skin       |     7 |       |       |       |       |       ||     7
       Ring mail         |    20 |    45 |   108 |   166 |    44 |       ||   383
       Acid dragon scale |       |       |       |       |    83 |    42 ||   125
Dodge: Dodged            |    32 |    50 |   117 |   111 |    54 |    28 ||   392

Table legend:
 A = Non-vault XP
 B = Vault XP
 C = Vault XP percentage of total XP
 D = Non-vault monster count
 E = Vault monster count
 F = Vault count percentage of total count
                 A         B        C        D         E       F
            +---------+---------+-------+---------+---------+-------
      Total |  124192 |   74231 |  37.4 |     572 |     216 |  27.4
            +---------+---------+-------+---------+---------+-------
        D:1 |      27 |       0 |   0.0 |      18 |       0 |   0.0
        D:2 |      61 |      27 |  30.7 |      14 |       3 |  17.6
        D:3 |     167 |      40 |  19.3 |      27 |       1 |   3.6
        D:4 |     528 |       0 |   0.0 |      27 |       0 |   0.0
        D:5 |     464 |     259 |  35.8 |      12 |       2 |  14.3
        D:6 |     687 |     228 |  24.9 |      21 |       2 |   8.7
        D:7 |     666 |    1242 |  65.1 |      22 |       6 |  21.4
        D:8 |    2376 |       0 |   0.0 |      34 |       0 |   0.0
        D:9 |    1064 |     798 |  42.9 |      24 |      36 |  60.0
       D:10 |    2261 |    1862 |  45.2 |      22 |       2 |   8.3
       D:11 |    2107 |    1101 |  34.3 |      18 |       1 |   5.3
       D:12 |    1922 |    2590 |  57.4 |      10 |       3 |  23.1
       D:13 |    7404 |    6814 |  47.9 |      20 |      11 |  35.5
       D:14 |    6865 |    4313 |  38.6 |      29 |       8 |  21.6
       D:15 |   17350 |    3929 |  18.5 |      50 |       5 |   9.1
     Lair:1 |    3079 |       0 |   0.0 |      11 |       0 |   0.0
     Lair:2 |    1955 |       0 |   0.0 |      10 |       0 |   0.0
     Lair:3 |    5301 |    2056 |  27.9 |      17 |      11 |  39.3
     Lair:4 |   11584 |       0 |   0.0 |      24 |       0 |   0.0
     Lair:5 |    9976 |    2627 |  20.8 |      24 |       7 |  22.6
     Lair:6 |   16460 |   16203 |  49.6 |      49 |      58 |  54.2
    Swamp:1 |    7866 |    3819 |  32.7 |      23 |       3 |  11.5
    Swamp:2 |   17606 |       0 |   0.0 |      36 |       0 |   0.0
    Swamp:3 |    3454 |       0 |   0.0 |       3 |       0 |   0.0
      Orc:1 |     366 |     611 |  62.5 |      13 |       6 |  31.6
      Orc:2 |    2596 |   25712 |  90.8 |      14 |      51 |  78.5
            +---------+---------+-------+---------+---------+-------
